 BcadrenCrawl: Boulder Brew version 0.06-688-g08e91b2d95 (webtiles) character file.

Game seed: 3256846561472539700

16 Leeroy the Slasher (level 2, 0/32 HPs) Oozomorph Gladiator. Began on Jan 13, 2023. Slain by a hobgoblin ... wielding a +0 club (11 damage) ... on level 1 of the Dungeon. The game lasted 00:01:00 (366 turns).

Leeroy the Slasher (Oozomorph Gladiator)             Turns: 366, Time: 00:01:01

Health: 0/32       AC:  3    Str: 14    XL:     2 ^: 17
Magic:  2/2        EV: 11    Int:  8    God:
Gold:   19         SH:  0    Dex: 14    Spells: 1/1 levels left

rFire    . . .     Slash    +   a - +0 long sword
rCold    . . .     Pierce   +   h - +0 dagger
rNeg     . . .     Bludgeon x   b - +0 leather armour
rCorr    + + +     Vision   .   (no armour)
rPois    .         Gourm    .   (no armour)
rElec    .         Faith    .   (no armour)
MR       .....     Spirit   .   (no armour)
HPRegen  0.20/turn Reflect  .   (no armour)
MPRegen  0.12/turn Harm     .   (nothing subsumed)
Stlth    +.........             (no amulet)
                                (no ring)
                                (no ring)

@: no status effects
A: cytoplasmic subsumption, amorphous body, gelatinous body 1, gelatinous flesh
a: Subsume Item


You were on level 1 of the Dungeon.
You were not hungry.

You visited 1 branch of the dungeon, and saw 1 of its levels.

You collected 19 gold pieces.

Inventory:

Weapons
 a - a +0 long sword (weapon)
 h - a +0 dagger (weapon)
Armour
 b - a +0 leather armour (worn)
 c - a +0 helmet
Wands
 d - a wand of ensnaring (9)
Potions
 e - 2 potions of ambrosia
Comestibles
 f - 2 rations
 g - a chunk of flesh


   Skills:
 - Level 2.2 Fighting
 - Level 3.2 Long Blades
 - Level 2.6 Dodging
 + Level 1.1 Unarmed Combat
 - Level 2.0 Evocations


You had one spell level left.
You didn't know any spells.
Your spell library was empty.

Dungeon Overview and Level Annotations

Branches:
Dungeon (1/8)

Altars:


Innate Abilities, Weirdness & Mutations

You may subsume any weapon, armour, or jewellery into your cytoplasm to benefit from its magical properties.
Your body is completely amorphous, allowing you to wear any combination of armour.
You have seven amorphous slots; replacing the normal gear slots.
Body armours and bardings take two slots, all other armours take one.
Your gelatinous form absorbs acid and is immune to constriction and sticky flames. (rCorr(absorb), Slime)
Your formless flesh reforms from cuts and stabs, but takes increased shock from blunt direct hits.
Heavy manmade armour will nullify this weakness. (rSlashing+, rPiercing+, rBludgeoning-)


Message History

A goblin is nearby!
A goblin is nearby!
Found a scroll of enchantment.
A hobgoblin comes into view.
You see here a ration.
A goblin comes into view.
The goblin shouts!
You hear a shout!
A giant cockroach comes into view.
The goblin shouts!
The hobgoblin shouts!
The goblin wields a +0 hunting sling.
The goblin shoots a sling bullet.
The sling bullet strikes you (10)!
You are struck brutally!
The goblin hits you with a +0 club (7)!
You are struck brutally!
You are too injured to fight recklessly!
You slash the goblin (7)!
She is lacerated severely!
You kill the goblin!
The giant cockroach waves its antennae.
The goblin shoots a sling bullet.
The sling bullet strikes you (5).
You are struck brutally!
The hobgoblin hits you with a +0 club (11)!
You are struck brutally!
You die...

.. .# ... . ..
....# ##. #.
....#.# #. ....#.#
.. ...... #.#
....### #.# .......
#.##)......
#?@gg......
#...s...?..
#.......... ###
#.......... ..#
#%......... #.#
#.##....... #.# #.#
....... #.#
########รท##.......
#.#
.............#....


You could see a giant cockroach, a hobgoblin and a goblin.

Vanquished Creatures
  2 cinder newts (D:1)
  2 goblins (D:1)
  A kobold (D:1)
5 creatures vanquished.

Notes
Turn   | Place    | Note
-------+----------+-------------------------------------------
     0 | D:1      | Leeroy the Oozomorph Gladiator began the quest for the Orb.
     0 | D:1      | Reached XP level 1. HP: 24/24 MP: 1/1
    49 | D:1      | HP: 1/24 [cinder newt (3)]
    50 | D:1      | Reached XP level 2. HP: 1/32 MP: 2/2
   237 | D:1      | Reached skill level 1 in Unarmed Combat
   366 | D:1      | Slain by a hobgoblin

Illustrated notes

Levels and vault maps discovered:
D:1:      dpeg_arrival_windows_large_door, layout_basic, first_ration,
          gup_sewer_entry_bubbles

Skill      XL: |  1  2 |
---------------+-------+-----
Unarmed Combat | 1 |  1.1
Fighting       | |  2.2
Long Blades    | |  3.2
Dodging        | |  2.6
Evocations     | |  2.0

Action                   || total
-------------------------++-------
Melee: Long sword        ||    13
       Unarmed           ||     4
       Dagger            ||     4
Armor: Skin              ||    12
Dodge: Dodged            ||     5
       Rpst.: Long sword ||     2
